 Dungeon Crawl Stone Soup version 0.19-a0-666-g7a97511 (webtiles) character file.

20911 AlphabetPasta the Destroyer (level 12, -18/94 HPs)
             Began as a Minotaur Conjurer on June 15, 2016.
             Was an Elder of Vehumet.
             Demolished by Gastronok (31 damage)
             ... on level 2 of the Lair of Beasts.
             The game lasted 02:22:52 (26180 turns).

AlphabetPasta the Destroyer (Minotaur Conjurer)    Turns: 26180, Time: 02:22:52

Health: -18/94     AC:  7    Str: 12    XL:     12   Next: 49%
Magic:  2/23       EV: 14    Int: 16    God:    Vehumet [****..]
Gold:   810        SH:  6    Dex: 13    Spells: 6 memorised, 12 levels left

rFire  . . .     SeeInvis .     w - +1 flail
rCold  + . .     Gourm    .     o - +0 robe {rC+}
rNeg   + . .     Faith    .     e - +1 buckler
rPois  .         Spirit   .     (helmet restricted)
rElec  .         Dismiss  .     C - +1 cloak {MR+}
rCorr  .         Reflect  .     H - +1 pair of gloves {archery}
SustAt .         Harm     .     l - +0 pair of boots
MR     +....                    (no amulet)
Stlth  +++.......               M - ring of stealth
                                g - ring of positive energy

@: somewhat resistant to hostile enchantments, fairly stealthy
A: retaliatory headbutt, horns 2
a: Renounce Religion


You were on level 2 of the Lair of Beasts.
You worshipped Vehumet.
Vehumet was greatly pleased with you.
You were not hungry.

You visited 4 branches of the dungeon, and saw 16 of its levels.

You collected 915 gold pieces.
You spent 105 gold pieces at shops.

Inventory:

Hand Weapons
 d - a +0 club
 i - a +0 lajatang
 s - a +0 mace
 t - a +0 quarterstaff
 w - a +1 flail (weapon)
 B - a +0 morningstar
Armour
 a - a +0 robe
 e - a +1 buckler (worn)
 l - a +0 pair of boots (worn)
 o - a +0 robe of cold resistance (worn)
 q - a +0 shield
 C - a +1 cloak of magic resistance (worn)
 H - a +1 pair of gloves of archery (worn)
Jewellery
 g - a ring of positive energy (left hand)
 G - an uncursed ring of ice
 M - a ring of stealth (right hand)
Wands
 v - a wand of iceblast (0/15)
 y - a wand of lightning (0/15)
 D - a wand of digging (8/24)
 F - a wand of paralysis (0/24)
 I - a wand of acid (0/15)
Scrolls
 h - a scroll of identify
 j - a scroll of teleportation
 k - 2 scrolls of enchant armour
 n - a scroll of enchant weapon
 r - a scroll of amnesia
 x - 2 scrolls of fog
 z - 4 scrolls of remove curse
 L - a scroll of fear
Potions
 m - a potion of curing
 p - 2 potions of cancellation
 A - a potion of brilliance
Books
 b - a book of Conjurations

   Spells                             Type                      Level
   a - Magic Dart                     Conjuration                  1
   b - Searing Ray                    Conjuration                  2
   c - Dazzling Spray                 Conjuration/Hexes            3
   d - Fulminant Prism                Conjuration/Hexes            4
   e - Iskenderun's Mystic Blast      Conjuration                  4
   f - Iskenderun's Battlesphere      Conjuration/Charms           5
 N - a book of Clouds

   Spells                             Type                      Level
   a - Mephitic Cloud                 Conjuration/Poison/Air       3
   b - Conjure Flame                  Conjuration/Fire             3
   c - Poisonous Cloud                Conjuration/Poison/Air       6
   d - Freezing Cloud                 Conjuration/Ice/Air          6
   e - Ring of Flames                 Charms/Fire                  7
Comestibles
 c - 10 bread rations
 f - 4 chunks of flesh
 u - a royal jelly
 E - 3 meat rations
 K - a slice of pizza
 P - 5 fruits


   Skills:
 - Level 5.0 Fighting
 - Level 4.0 Maces & Flails
 - Level 4.1 Armour
 - Level 4.5 Dodging
 - Level 1.5 Stealth
 + Level 5.8 Shields
 * Level 8.8 Spellcasting
 * Level 10.0 Conjurations
 + Level 5.0 Earth Magic
 - Level 4.1 Evocations


You had 12 spell levels left.
You knew the following spells:

 Your Spells              Type           Power        Failure   Level  Hunger
a - Magic Dart            Conj           ####         1%          1    None
b - Searing Ray           Conj           #####.       1%          2    None
c - Dazzling Spray        Conj/Hex       ###...       1%          3    #......
d - Iskenderun's Mystic   Conj           #####...     1%          4    ###....
e - Stone Arrow           Conj/Erth      ####..       1%          3    #......
f - Mephitic Cloud        Conj/Pois/Air  ###.....     2%          3    #......


Dungeon Overview and Level Annotations

Branches:
Dungeon (11/15)            Temple (1/1) D:5            Lair (2/6) D:9
    Orc (2/2) D:10            Elf (0/3) Orc:2
  Swamp: Lair:2-4    Shoals: Lair:2-4     Snake: Lair:2-4    Spider: Lair:2-4

Altars:
Ashenzari
Cheibriados
Dithmenos
Elyvilon
Fedhas
Gozag
Hepliaklqana
Kikubaaqudgha
Makhleb
Nemelex Xobeh
Okawaru
Pakellas
Qazlal
Ru
Sif Muna
Trog
Uskayaw
Vehumet
Xom
Yredelemnul
Zin
The Shining One

Shops:
D:10 ?

Annotations:
D:10 Maud
Lair:1 Kaishin's ghost, journeyman DDEE
Lair:2 Gastronok


Innate Abilities, Weirdness & Mutations

You reflexively headbutt those who attack you in melee.
You have a pair of horns on your head.


Message History

You hit Gastronok.
Gastronok is severely wounded.
Some of the chunks of flesh in your inventory have rotted away.
You feel better.
Gastronok waves his eye-stalks in wide circles.
The air twists around and strikes you!
* * * LOW HITPOINT WARNING * * *
Evoke which item? (* to show all) (? for menu, Esc to quit)
Zapping:
y - a wand of lightning (1/15)
Press: ? - help, Shift-Dir - straight line, f/p - Gastronok
Aim: Gastronok, wearing an embroidered hat (severely wounded)
You hear a mighty clap of thunder!
The bolt of lightning hits Gastronok.
Gastronok is almost dead.
This wand has 0 charges left.
You hear a bellow! x2; You hear an angry hiss.
You hear a bellow! x3
You hit Gastronok but do no damage.
Gastronok is almost dead.
Gastronok bites you!!
You die...

#.#.....÷.....###
###P..........#
###.......P##
##........#
#........##
#........##
##.........#
#........#.#
#.....@...##
#.....w..###
##.........#
#..........###
#............P#
..................#
.............†.......
...............#.....
........(>...........


You could see Gastronok.

Vanquished Creatures
  2 hydras
  A hill giant (D:10)
  2 orc knights
  A manticore (D:11)
  A cyclops (D:11)
  A deep elf mage (D:11)
  An orc sorcerer (Orc:1)
  2 black mambas (Lair:1)
  A gargoyle (D:11)
  2 centaur skeletons
  2 komodo dragons (Lair:1)
  A queen bee (D:10)
  2 two-headed ogres
  A troll (D:10)
  A wyvern (D:10)
  17 yaks
  A hippogriff (Lair:1)
  A human (D:7)
  2 hungry ghosts (D:10)
  2 vampire mosquitoes (D:11)
  Menkaure (D:5)
  A warg (D:10)
  A mottled dragon (D:11)
  3 water moccasins
  2 porcupines (Lair:1)
  15 orc warriors
  3 sky beasts
  4 ice beasts
  2 black bears
  An eye of draining (D:11)
  A necrophage (D:5)
  12 ogres
  12 centaurs
  4 crocodiles
  2 big kobolds
  13 giant frogs
  A gnoll sergeant (D:7)
  A water moccasin zombie (D:11)
  4 scorpions
  29 killer bees
  4 wights
  A howler monkey (D:9)
  3 jellies
  6 crimson imps
  A centaur zombie (D:10)
  4 hounds
  A quasit (D:7)
  Crazy Yiuf (D:6)
  5 giant frog skeletons
  7 orc priests
  3 gnoll shamans
  11 iguanas
  12 orc wizards
  10 worker ants
  A killer bee zombie (D:10)
  3 sheep
  A hound zombie (D:8)
  A howler monkey zombie (D:8)
  6 river rats
  A worker ant zombie (D:10)
  17 adders
  23 gnolls
  3 shadow imps
  2 adder skeletons
  An adder zombie (D:7)
  2 worms (D:2)
  2 dart slugs (D:3)
  5 giant geckos
  41 orcs
  3 ball pythons
  6 giant cockroaches
  9 goblins
  4 hobgoblins
  5 jackals
  3 quokkas
  7 bats
  4 giant newts
  A jackal skeleton (D:5)
  8 kobolds
  A quokka skeleton (D:4)
  9 rats
  A plant (D:11)
395 creatures vanquished.

Vanquished Creatures (others)
  An orc wizard (D:5)
  6 fungi (D:11)
  12 plants (D:11)
19 creatures vanquished.

Grand Total: 414 creatures vanquished

Notes
Turn   | Place    | Note
--------------------------------------------------------------
     0 | D:1      | AlphabetPasta the Minotaur Conjurer began the quest for the Orb.
     0 | D:1      | Reached XP level 1. HP: 14/14 MP: 1/1
     7 | D:1      | Reached skill level 3 in Conjurations
   512 | D:1      | Reached XP level 2. HP: 20/20 MP: 0/3
   516 | D:1      | Learned a level 2 spell: Searing Ray
  1415 | D:2      | Reached skill level 1 in Maces & Flails
  1415 | D:2      | Reached XP level 3. HP: 26/26 MP: 0/4
  2222 | D:3      | Reached skill level 1 in Shields
  2290 | D:3      | Reached XP level 4. HP: 33/33 MP: 1/6
  2298 | D:3      | Learned a level 3 spell: Dazzling Spray
  3171 | D:4      | Reached XP level 5. HP: 34/38 MP: 0/7
  3545 | D:4      | Reached skill level 1 in Fighting
  3631 | D:4      | Reached skill level 4 in Conjurations
  3896 | D:4      | Noticed a sky beast
  3974 | D:4      | Killed a sky beast
  3974 | D:4      | Reached XP level 6. HP: 30/48 MP: 1/9
  4330 | D:5      | Entered Level 5 of the Dungeon
  4334 | D:5      | Found a deep blue altar of Sif Muna.
  4474 | D:5      | Learned a level 4 spell: Iskenderun's Mystic Blast
  4555 | D:5      | Found a staircase to the Ecumenical Temple.
  4562 | Temple   | Entered the Ecumenical Temple
  4578 | Temple   | Became a worshipper of Vehumet
  4979 | D:5      | Reached XP level 7. HP: 50/56 MP: 6/10
  5011 | D:5      | Found a bloodstained altar of Trog.
  5078 | D:5      | Found a stormy altar of Qazlal.
  5236 | D:5      | Noticed Menkaure
  5242 | D:5      | Killed Menkaure
  5814 | D:5      | Found a burning altar of Makhleb.
  5815 | D:5      | Found a glowing silver altar of Zin.
  5815 | D:5      | Noticed an angel
  5816 | D:5      | Noticed a green death
  6224 | D:6      | Learned a level 4 spell: Iskenderun's Mystic Blast
  6376 | D:6      | Reached skill level 5 in Conjurations
  6424 | D:6      | Found a shattered altar of Ashenzari.
  6429 | D:6      | Found a sparkling altar of Nemelex Xobeh.
  6434 | D:6      | Found a blossoming altar of Fedhas.
  6699 | D:6      | Reached XP level 8. HP: 61/63 MP: 1/12
  6716 | D:6      | Found an iron altar of Okawaru.
  7131 | D:6      | Noticed Crazy Yiuf
  7144 | D:6      | Killed Crazy Yiuf
  7144 | D:6      | Reached * piety under Vehumet
  7144 | D:6      | Offered knowledge of Flame Tongue by Vehumet.
  7402 | D:7      | Reached skill level 1 in Armour
  8452 | D:7      | Reached skill level 6 in Conjurations
  8594 | D:7      | Reached skill level 1 in Evocations
  8632 | D:6      | Reached XP level 9. HP: 24/69 MP: 3/15
  8937 | D:7      | Reached skill level 5 in Spellcasting
  9263 | D:7      | Offered knowledge of Sting by Vehumet.
  9368 | D:7      | Reached ** piety under Vehumet
 10140 | D:8      | Found a shimmering altar of Xom.
 10141 | D:8      | Found a hide-covered altar of Uskayaw.
 10402 | D:9      | Reached skill level 7 in Conjurations
 10737 | D:9      | Offered knowledge of Stone Arrow by Vehumet.
 10742 | D:9      | Learned a level 3 spell: Stone Arrow
 10963 | D:9      | Found a staircase to the Lair.
 11273 | D:9      | Reached *** piety under Vehumet
 11385 | D:9      | Reached XP level 10. HP: 77/77 MP: 8/17
 11526 | D:10     | Entered Level 10 of the Dungeon
 11607 | D:10     | Reached skill level 1 in Earth Magic
 12034 | D:10     | Noticed Maud
 13176 | D:10     | Reached skill level 8 in Conjurations
 13451 | D:10     | Offered knowledge of Throw Icicle by Vehumet.
 14533 | D:10     | Found a staircase to the Orcish Mines.
 14822 | D:10     | Found Vaycs's Magic Scroll Shoppe.
 14830 | D:10     | Bought a scroll of identify for 30 gold pieces
 14830 | D:10     | Bought a scroll of identify for 30 gold pieces
 14830 | D:10     | Bought a scroll of teleportation for 45 gold pieces
 14859 | D:10     | Noticed a hill giant
 15456 | D:11     | Noticed a deep elf mage
 15460 | D:11     | Killed a deep elf mage
 15460 | D:11     | Reached XP level 11. HP: 67/84 MP: 2/20
 15540 | D:11     | Identified a scroll of acquirement
 15582 | D:11     | Reached **** piety under Vehumet
 16194 | D:11     | Offered knowledge of Olgreb's Toxic Radiance by Vehumet.
 17506 | D:11     | Reached skill level 9 in Conjurations
 18218 | Lair:1   | Entered Level 1 of the Lair of Beasts
 18546 | Lair:1   | Noticed Kaishin's ghost (journeyman DDEE)
 19405 | Orc:1    | Entered Level 1 of the Orcish Mines
 20503 | D:10     | Killed a hill giant
 20868 | Orc:1    | Noticed an orc knight
 21108 | D:10     | HP: 1/85 [orc knight/bolt (8)]
 21429 | D:10     | Killed an orc knight
 22022 | Orc:1    | Noticed an orc knight
 22033 | Orc:1    | Killed an orc knight
 22261 | D:10     | Reached XP level 12. HP: 32/93 MP: 8/23
 22780 | Orc:1    | Reached skill level 5 in Fighting
 22909 | Orc:1    | Learned a level 3 spell: Mephitic Cloud
 23299 | Orc:2    | Entered Level 2 of the Orcish Mines
 23536 | Orc:2    | Upgraded the game from 0.19-a0-664-g51fd293 to 0.19-a0-666-g7a97511
 23537 | Orc:2    | Found a staircase to the Elven Halls.
 24130 | Lair:1   | Noticed a five-headed hydra
 24871 | Lair:1   | Reached skill level 5 in Shields
 25125 | Lair:1   | Killed a five-headed hydra
 25244 | Lair:1   | Reached skill level 5 in Earth Magic
 25948 | Lair:2   | Noticed a six-headed hydra
 26011 | Lair:2   | Killed a six-headed hydra
 26011 | Lair:2   | Reached skill level 10 in Conjurations
 26014 | Lair:2   | Noticed Gastronok
 26180 | Lair:2   | Demolished by Gastronok

Vault maps used:
D:1:      arrival_zaba_pyramid
D:4:      first_bread, kennysheep_small_circle
D:5:      grunt_temple_overflow_order_and_chaos_2, tgw_sif, kennysheep_mini,
          minmay_temple_entry_trees, nicolae_zen_rock_garden, bloody_trog,
          uniq_menkaure
D:6:      marbit_many_paths, minmay_overflow_temple_star_quad, minmay_holes,
          uniq_crazy_yiuf_cottage
D:7:      grunt_livestock, st_stairs_9, minmay_misc_feat_tower
D:8:      grunt_temple_overflow_open
D:9:      lair_0_dummy
D:10:     orc_0_dummy, special_room, serial_shops, shop, uniq_maud
D:11:     kennysheep_seaside_town
Temple:   eino_temple_water_12
Lair:1:   lemuel_fruit_tree
Lair:2:   basic_altar, enter_volcano_1, uniq_gastronok
Orc:1:    guppyfry_library_mini
Orc:2:    kennysheep_orc_mage_school

Skill      XL: |  1  2  3  4  5  6  7  8  9 10 11 12 |
---------------+-------------------------------------+-----
Conjurations   | 3 4 5 6 7 8 9 10 | 10.0
Maces & Flails | 1 2 3 4 |  4.0
Spellcasting   | 2 3 4 5 7 8 |  8.8
Shields        | 1 2 3 4 5 |  5.8
Fighting       | 2 3 4 5 |  5.0
Dodging        | 3 4 |  4.5
Armour         | 2 3 4 |  4.1
Evocations     | 1 3 4 |  4.1
Earth Magic    | 2 4 5 |  5.0
Stealth        | |  1.5

Action                   |  1- 3 |  4- 6 |  7- 9 | 10-12 || total
-------------------------+-------+-------+-------+-------++-------
Melee: Club              |    72 |     4 |       |       ||    76
       Unarmed           |    11 |       |       |       ||    11
       Headbutt          |     9 |     3 |     6 |    19 ||    37
       Mace              |       |    13 |       |       ||    13
       Flail             |       |    16 |    50 |   120 ||   186
 Cast: Magic Dart        |    46 |    52 |   120 |   148 ||   366
       Searing Ray       |     3 |    18 |    87 |   144 ||   252
       Iskenderun's Myst |       |       |     6 |    74 ||    80
       Stone Arrow       |       |       |     1 |   187 ||   188
       Dazzling Spray    |       |       |     1 |     4 ||     5
Evoke: Wand              |       |       |       |    17 ||    17
  Use: Scroll            |       |    13 |     7 |     8 ||    28
       Potion            |       |     2 |     3 |    10 ||    15
 Stab: Sleeping          |     2 |     1 |       |       ||     3
       Invisible         |       |       |     1 |       ||     1
       Paralysed         |       |       |       |     3 ||     3
  Eat: Chunk             |     5 |     8 |     9 |    31 ||    53
       Fruit             |     1 |       |       |     1 ||     2
       Beef jerky        |       |     2 |     3 |     2 ||     7
       Meat ration       |       |       |     2 |       ||     2
       Pizza             |       |       |       |     7 ||     7
       Royal jelly       |       |       |       |     9 ||     9
Armor: Robe              |    22 |     4 |    44 |    58 ||   128
Dodge: Dodged            |    54 |    32 |   110 |   277 ||   473
Block: Buckler           |    10 |     9 |    49 |   150 ||   218
